 Dungeon Crawl Stone Soup version 0.19.5 (webtiles) character file.

114 Gabide the Bolt Thrower (level 5, -1/39 HPs)
             Began as a Formicid Hunter on Apr 25, 2017.
             Slain by Robin
             ... wielding a +0 spear
              (2 damage)
             ... on level 3 of the Dungeon.
             The game lasted 00:09:24 (2325 turns).

Gabide the Bolt Thrower (Formicid Hunter)           Turns: 2325, Time: 00:09:24

Health: -1/39      AC:  4    Str: 16      XL:     5   Next: 19%
Magic:  5/5        EV: 12    Int: 10 (11) God:
Gold:   98         SH:  0    Dex: 12      Spells: 0 memorised, 4 levels left

rFire  + . .     SeeInvis +     s - +0 long sword
rCold  x . .     Gourm    .     c - +0 leather armour
rNeg   . . .     Faith    .     (no shield)
rPois  +         Spirit   .     (helmet unavailable)
rElec  .         Reflect  .     i - +0 cloak
rCorr  .         Harm     .     (no gloves)
MR     .....     Clarity  +     (no boots)
Stlth  +.........               (no amulet)
                                l - ring of fire
                                j - ring of poison resistance

@: no status effects
A: permanent stasis, dig shafts and tunnels, four strong arms, antennae 3,
clarity
a: Dig, Shaft Self


You were on level 3 of the Dungeon.
You were not hungry.

You visited 1 branch of the dungeon, and saw 3 of its levels.

You collected 98 gold pieces.

Inventory:

Hand Weapons
 a - a +1 hand crossbow
 b - a +0 short sword
 s - a +0 long sword (weapon)
Armour
 c - a +0 leather armour (worn)
 i - a +0 cloak (worn)
Jewellery
 j - a ring of poison resistance (left hand)
 l - a ring of fire (right hand)
Scrolls
 k - 2 scrolls of remove curse
 n - 2 scrolls of recharging
 o - a scroll of teleportation {unknown}
 r - a scroll of identify
Potions
 e - 3 potions of brilliance
Books
 g - a book of Misfortune

   Spells                             Type                      Level
   a - Confusing Touch                Hexes                        1
   b - Confuse                        Hexes                        3
   c - Gell's Gravitas                Hexes/Translocation          3
   d - Petrify                        Transmutation/Earth          4
   e - Metabolic Englaciation         Hexes/Ice                    5
   f - Yara's Violent Unravelling     Hexes/Transmutation          5
Comestibles
 d - 2 chunks of flesh
 f - 5 bread rations
 h - a royal jelly
 q - 2 meat rations


   Skills:
 + Level 2.5 Fighting
 + Level 0.2 Long Blades
 * Level 5.8 Crossbows
 + Level 2.1 Dodging
 - Level 1.2 Stealth


You had 4 spell levels left.
You didn't know any spells.

Dungeon Overview and Level Annotations

Branches:
Dungeon (3/15)

Altars:

Annotations:
D:3 Robin


Innate Abilities, Weirdness & Mutations

You are under a permanent stasis effect.
You can dig through walls and to a lower floor.
Your four strong arms can wield two-handed weapons with a shield.
You have a pair of large antennae on your head. (SInv)
You possess an exceptional clarity of mind.


Message History

* * * LOW HITPOINT WARNING * * *
Robin barely misses you.
You riposte.
You barely miss Robin.
Robin is moderately wounded.
The goblin completely misses you.
You barely miss the goblin. The goblin completely misses you.
You riposte.
You hit the goblin.
The goblin is heavily wounded.
You closely miss the goblin.
The goblin is heavily wounded.
Robin hits you but does no damage. The goblin closely misses you.
Robin hits you with a spear.
* * * LOW HITPOINT WARNING * * *
You slash the goblin!
You kill the goblin!
The goblin no longer looks unusually strong.
Robin throws the goblin at you! The goblin barely misses you.
You hit Robin but do no damage.
Robin is moderately wounded.
Robin hits you with a spear.
You die...

#.#......... ...
{{ #.###.##....
(.. #.# #.#####.
#(# {{ #.# #.# .
#%# #.# #+# . #.#
#.# # #.# #.#
#.#######.#
######gg@g)....# {
{ #.....#######..#
#.....# #..#
#.....# #..#
#.....#######..###
#.....+..........#
#.....######.....#
#.....+.# #.....#
#.....#.####.....#


You could see Robin, a hobgoblin and a goblin.

Vanquished Creatures
  6 adders
  A dart slug (D:1)
  A leopard gecko (D:1)
  3 orcs (D:3)
  2 giant cockroaches
  12 goblins
  11 hobgoblins
  2 jackals (D:2)
  3 bats
  2 frilled lizards (D:2)
  4 kobolds
  6 rats
53 creatures vanquished.

Notes
Turn   | Place    | Note
-------+----------+-------------------------------------------
     0 | D:1      | Gabide the Formicid Hunter began the quest for the Orb.
     0 | D:1      | Reached XP level 1. HP: 16/16 MP: 1/1
   295 | D:1      | Reached XP level 2. HP: 22/22 MP: 2/2
   749 | D:2      | Reached XP level 3. HP: 27/27 MP: 3/3
  1068 | D:2      | Reached skill level 5 in Crossbows
  1493 | D:2      | Reached XP level 4. HP: 33/33 MP: 4/4
  2239 | D:3      | Reached XP level 5. HP: 35/39 MP: 5/5
  2293 | D:3      | Noticed Robin
  2319 | D:3      | Gained mutation: You possess an exceptional clarity of mind. [potion of beneficial mutation]
  2323 | D:3      | HP: 1/39 [Robin/spear (4)]
  2325 | D:3      | Slain by Robin

Skill      XL: |  1  2  3  4 |
---------------+-------------+-----
Crossbows      | 5 |  5.8
Dodging        | 2 |  2.1
Fighting       | |  2.5
Long Blades    | |  0.2
Stealth        | |  1.2

Action                   |  1- 3 |  4- 6 || total
-------------------------+-------+-------++-------
Melee: Long sword        |       |    55 ||    55
       Short sword       |       |    18 ||    18
 Fire: Hand crossbow     |    68 |    25 ||    93
  Use: Potion            |     6 |     1 ||     7
       Scroll            |     4 |       ||     4
 Stab: Sleeping          |       |     1 ||     1
  Eat: Chunk             |     2 |     2 ||     4
Armor: Leather armour    |     2 |    37 ||    39
Dodge: Dodged            |     8 |    88 ||    96
       Rpst.: Long sword |       |    18 ||    18
